Map: Deathaura LE

Players

HuShang

  • Race: Protoss Protoss
  • League: Master
  • Spawn Location: 5:00

A.I. 2 (Very Easy) - Winner!

  • Race: Zerg Zerg
  • Spawn Location: 11:00

VOD

Have the link to the VOD?

Description

Time

  • Played on: Aug. 11, 2020, 12:28 p.m.
  • Length: 4:55
Show
View Real Time Build Order
Export as new Build Order

HuShang Protoss 

Build Orders: 1 Gate Expand 

Get SALT Encoding   

  12  0:00  Probe  
  13  0:12  Probe  
  14  0:18  Pylon  
  14  0:24  Probe  
  15  0:36  Probe (Chrono Boost)  
  15  0:39  Gateway  
  16  0:49  Probe (Chrono Boost), Assimilator  
  17  0:56  Probe (Chrono Boost)  
  18  1:03  Probe  
  19  1:15  Probe  
  20  1:24  Nexus  
  20  1:34  Cybernetics Core  
  20  1:39  Probe  
  21  1:44  Assimilator  
  21  1:49  Pylon  
  21  1:52  Probe  
  22  2:04  Probe  
  23  2:08  Stalker (Chrono Boost)  
  23  2:11  Warp Gate  
  25  2:16  Probe  
  26  2:28  Probe  
  27  2:30  Robotics Facility  
  27  2:38  Probe  
  27  2:39  Gateway  
  27  2:40  Probe  
  29  2:47  Twilight Council  
  29  2:50  Probe  
  30  2:53  Probe  
  33  3:12  Gateway  
  31  3:13  Gateway  
  31  3:17  Charge (Chrono Boost), Warp Prism (Chrono Boost)  
  33  3:37  Gateway  
  33  3:38  Gateway  
  33  3:42  Gateway  
  33  3:47  Gateway  
  33  3:58  Probe x2  
  35  4:09  Zealot x2  
  39  4:10  Zealot x2  
  39  4:13  Pylon  
  39  4:16  Pylon  
  43  4:38  Zealot x7  
  51  4:41  Zealot  
Show
View Real Time Build Order
Export as new Build Order

A.I. 2 (Very Easy) Zerg - Winner!

Build Orders: Hatch First 

Get SALT Encoding   

  12  0:01  Drone  
  13  0:12  Overlord  
  13  0:16  Drone  
  14  0:40  Hatchery  
  13  0:45  Drone  
  14  1:05  Spawning Pool  
  14  1:07  Extractor  
  14  1:09  Drone  
  13  1:16  Drone  
  14  1:22  Overlord  
  14  1:52  Zergling x2  
  14  1:53  Queen  
  17  1:55  Zergling x2  
  18  2:03  Roach Warren  
  18  2:05  Extractor  
  18  2:08  Drone  
  17  2:15  Drone  
  18  2:17  Zergling x2  
  18  2:22  Drone  
  20  2:29  Drone  
  21  2:36  Drone  
  22  2:43  Drone  
  23  2:51  Drone  
  24  2:58  Drone  
  25  3:03  Roach  
  25  3:05  Drone  
  28  3:09  Overlord  
  28  3:14  Drone  
  29  3:21  Drone  
  30  3:28  Lair  
  30  3:29  Drone  
  31  3:40  Drone  
  32  3:47  Drone  
  33  3:49  Roach  
  33  3:54  Drone  
  36  3:57  Overlord  
  36  4:02  Drone  
  37  4:09  Drone  
  38  4:16  Drone  
  39  4:23  Drone  
  40  4:25  Overseer  
  40  4:28  Overseer  
  40  4:30  Drone  
  41  4:34  Ravager  
  41  4:35  Roach  
  41  4:38  Drone  
Tags
 
Add a new tag
Caveats
  • Supply blocks, unpowered buildings, or Contaminate may cause inaccurate times.
  • Supply counts are checked every 10 seconds.